 Dungeon Crawl Stone Soup version 0.32-a0-913-g739538afd8 (webtiles) character file.

Game seed: 5092141683888983522

71589 holysushi the Convoker (level 14, 0/90 HPs)
             Began as a Demonspawn Summoner on Apr 7, 2024.
             Was an Initiate of Gozag.
             Shot with a bolt by a kobold blastminer (6 damage)
             ... while paralysed by an ogre mage
             ... on level 2 of the Orcish Mines.
             The game lasted 01:40:01 (39452 turns).

holysushi the Convoker (Demonspawn Summoner)       Turns: 39452, Time: 01:40:01

Health: 0/90       AC: 10    Str:  8    XL:     14   Next: 98%
Magic:  23/23      EV:  2    Int: 16    God:    Gozag
Gold:   2745       SH:  0    Dex: 39    Spells: 7/25 levels left

rFire   + . .        i - +8 lance "Wyrmbane" {slay drac, rPois rF+ rC+ AC+3}
rCold   + . .        (no shield)
rNeg    + . .        r - +1 robe "Vinuusm" {Fly rC- Will+ Dex+4}
rPois   +            j - +1 helmet
rElec   .            (cloak unavailable)
rCorr   .            l - +0 pair of gloves of the Skies Above {rN+ Slay+2 Stlth+}
SInv    .            q - +0 pair of boots
Will    ++...        N - amulet of Sloth {Acrobat Rampage rC+}
Stlth   ++++++       L - +6 ring of dexterity
HPRegen 0.35/turn    G - +6 ring of dexterity
MPRegen 0.18/turn

%: acrobat, rampage
@: paralysed, flying
A: thin skeletal structure 2, powered by death 1, condensation shield, weakness
stinger 3
a: Renounce Religion, Potion Petition, Call Merchant, Bribe Branch


You were on level 2 of the Orcish Mines.
You worshipped Gozag.
Gozag was most pleased with you.
You visited 4 branches of the dungeon, and saw 21 of its levels.
You also visited: Sewer, Bailey and Ice Cave.

You collected 8331 gold pieces.
You spent 2624 gold pieces at shops.
You paid 2962 gold pieces to Gozag.

Inventory:

Hand Weapons
 h - a +0 hand cannon
 i - the +8 lance "Wyrmbane" (weapon) {slay drac, rPois rF+ rC+ AC+3}
   (You bought it in a shop on level 9 of the Dungeon)

   AC+3:      It affects your AC (+3).
   rF+:       It protects you from fire.
   rC+:       It protects you from cold.
   rPois:     It protects you from poison.
 K - a +1 bardiche of pain
Missiles
 J - 6 throwing nets
Armour
 a - the +5 chain mail "Aqiugi" {rElec Str+7}
   (You found it on level 10 of the Dungeon)

   Str+7:     It affects your strength (+7).
   rElec:     It insulates you from electricity.
 j - a +1 helmet (worn)
 l - the +0 pair of gloves of the Skies Above (worn) {rN+ Slay+2 Stlth+}
   (You found it on level 4 of the Dungeon)

   Slay+2:    It affects your accuracy & damage with ranged weapons and melee
   (+2).
   rN+:       It protects you from negative energy.
   Stlth+:    It makes you more stealthy.
 q - a +0 pair of boots (worn)
 r - the +1 robe "Vinuusm" (worn) {Fly rC- Will+ Dex+4}
   (You bought it in a shop on level 4 of the Lair of Beasts)

   Dex+4:     It affects your dexterity (+4).
   rC-:       It makes you vulnerable to cold.
   Will+:     It increases your willpower.
   Fly:       It grants you flight.
 P - a +2 tower shield
Jewellery
 p - a ring of willpower
 t - a ring of see invisible
 C - a +6 ring of strength
 E - a ring of protection from fire
 G - a +6 ring of dexterity (right hand)
 L - a +6 ring of dexterity (left hand)
 N - the amulet of Sloth (around neck) {Acrobat Rampage rC+}
   (You acquired it on level 10 of the Dungeon)

   [amulet of the acrobat]

   Acrobat:   It increases your evasion while moving and waiting.
   rC+:       It protects you from cold.
   Rampage:   It bestows one free step when moving towards enemies.
Wands
 d - a wand of flame (44)
 v - a wand of mindburst (24)
 w - a wand of roots (14)
 B - a wand of light (7)
 H - a wand of polymorph (4)
 M - a wand of charming (4)
Scrolls
 g - a scroll of revelation
 k - a scroll of silence
 o - 3 scrolls of enchant armour
 y - 3 scrolls of immolation
 z - 4 scrolls of identify
 I - 2 scrolls of vulnerability
 O - a scroll of poison
Potions
 b - a potion of magic
 c - 7 potions of curing
 f - 4 potions of lignification
 m - a potion of might
 n - a potion of brilliance
 s - a potion of mutation
 A - 2 potions of heal wounds
 D - a potion of ambrosia
 F - 5 potions of enlightenment


   Skills:
 - Level 2.0 Fighting
 + Level 9.6 Polearms
 + Level 14.4 Dodging
 - Level 1.8 Stealth
 - Level 6.4 Shields
 + Level 6.4 Spellcasting
 + Level 17.0 Summonings
 - Level 2.0 Evocations


You had 7 spell levels left.
You knew the following spells:

 Your Spells              Type           Power      Damage    Failure   Level
a - Summon Small Mammal   Summ           100%       N/A       0%          1
b - Call Imp              Summ           100%       N/A       1%          2
c - Call Canine Familiar  Summ           56%        N/A       1%          3
d - Summon Blazeheart Go  Fire/Summ      32%        N/A       4%          4
e - Summon Lightning Spi  Summ/Air       32%        N/A       4%          4
f - Martyr's Knell        Necr/Summ      32%        N/A       4%          4

Your spell library contained the following spells:

 Spells                   Type           Power      Damage    Failure   Level
 Apportation              Tloc           10%        N/A       13%         1
 Freeze                   Ice            20%        1d4       13%         1
 Necrotise                Necr           20%        1d5       13%         1
 Slow                     Hex            20%        N/A       13%         1
 Sting                    Conj/Alch      20%        1d4       13%         1
 Cigotuvi's Dreadful Rot  Necr/Alch/Air  10%        N/A       21%         2
 Jinxbite                 Hex            10%        N/A       21%         2
 Mercury Vapours          Alch/Air       10%        N/A       21%         2
 Confusing Touch          Hex            5%         N/A       36%         3
 Frozen Ramparts          Ice            10%        1d2       36%         3
 Hailstorm                Conj/Ice       5%         3d5       36%         3
 Mephitic Cloud           Conj/Alch/Air  5%         N/A       36%         3
 Vampiric Draining        Necr           5%         2d6       36%         3
 Cause Fear               Hex            2%         N/A       78%         4
 Dispel Undead            Necr           5%         3d7       78%         4
 Leda's Liquefaction      Alch/Erth      2%         N/A       78%         4
 Alistair's Intoxication  Alch           3%         N/A       98%         5
 Curse of Agony           Necr           5%         N/A       98%         5
 Fireball                 Conj/Fire      2%         3d4       98%         5
 Freezing Cloud           Conj/Ice/Air   2%         6-21      98%         5
 Lee's Rapid Deconstruct  Erth           2%         3d5*      98%         5
 Permafrost Eruption      Ice/Erth       2%         2x4d2     100%        6
 Dragon's Call            Summ           28%        N/A       100%        9


Dungeon Overview and Level Annotations

Branches:
Dungeon (13/15) Zot: 26788  Temple (1/1) D:7 Zot: 5939    Lair (5/5) D:8 Zot: 18338
 Shoals (0/4) Lair:2        Snake (0/4) Lair:2        Slime (0/5) Lair:4
    Orc (2/2) D:12 Zot: 10512   Sewer (visited)          Bailey (visited)
  IceCv (visited)
    Elf: Orc:2       Vaults: D:13-14

Altars:
Ashenzari
Cheibriados
Dithmenos
Fedhas
Gozag
Hepliaklqana
Kikubaaqudgha
Makhleb
Nemelex Xobeh
Okawaru
Qazlal
Ru
Sif Muna
Trog
Uskayaw
Vehumet
Wu Jian
Xom
Yredelemnul
Jiyva
Lugonu

Shops:
D:7 [[   D:9 *(   D:11 [   D:12 (   Orc:1 =   Orc:2 (   Lair:4 [

Portals:
Abyss: Lair:5
Trove: D:10 (give lance "Wyrmbane")

Annotations:
D:5 Eustachio
D:10 exclusion: orange crystal statue


Innate Abilities, Weirdness & Mutations

You have a moderately thin skeletal structure. (Dex +4, Stealth++)
You regenerate a little health from kills.
A meltable shield of frost defends you. (SH +4)
You have a sharp stinger which inflicts weakening toxins.


Message History

The troll is almost dead.
The troll completely misses you. x2; The troll claws you but does no damage.
You closely miss the troll.
The troll is severely wounded.
You puncture the troll!
You kill the troll!
You now have 2723 gold pieces (gained 24).
No target in view!
You start resting.
HP restored.
You now have 2745 gold pieces (gained 22).
Things that are here:
a +0 giant spiked club; a +0 giant club You start resting.
Magic restored.
There is a stone staircase leading down, spattered with blood here.
Things that are here:
a +0 hand axe; a +0 robe; a +0 dagger You fly downwards.
The stone giant throws a large rock.
The large rock hits you!!!
The kobold blastminer wields a +0 arbalest.
The kobold blastminer shoots a bolt.
The bolt completely misses you.
An ogre mage comes into view. It is wielding a +0 flail.
The ogre shouts!
The troll shouts!
You hear a shout! x3
There is a stone staircase leading up, spattered with blood here.
The ogre mage points at you and mumbles some strange words.
You suddenly lose the ability to move!
You stop ascending the stairs.
An ogre comes into view. It is wielding a +0 giant club.
The stone giant throws a large rock.
The large rock hits you!!!
* * * LOW HITPOINT WARNING * * *
The ogre mage mumbles some strange words.
The ogre mage flickers and vanishes!
Deactivating autopickup; reactivate with Ctrl-A.
The kobold blastminer shoots a bolt.
The bolt completely misses you.
The kobold blastminer wields a +0 orcbow.
The kobold blastminer shoots an arrow.
The arrow hits you.
* * * LOW HITPOINT WARNING * * *
The kobold blastminer shoots a bolt.
The bolt hits you.
You die...
Your body crumbles into a pile of gold.

..∩........###
.....O.......##
.##....###.............#
........#....O.O.......#
.#.......#o..O..T.K.#...
........#.C.....K...{#
.........#..........#.#.#
...................#...#
..........O..@.$......##
.......<..................
$..........O.........$...#
.......$..............#.##
........TT...........## #
.....##...............#
.....I.<).............#
........o....#.....#...#
........h.$..#..........


You could see a stone giant, a two-headed ogre, an ogre mage, a deep troll, 2
kobold blastminers, 2 trolls, an orc warrior, 4 ogres and an orc wizard.

Vanquished Creatures
  2 hydras
  Harold (D:9)
  A boulder beetle (D:12)
  2 two-headed ogres
  2 thrashing horrors (Lair:5)
  Sonja (D:12)
  A sun moth (shapeshifter) (Lair:5)
  An obsidian bat (Orc:1)
  Pikel (D:8)
  2 deep elf pyromancers (D:12)
  4 manticores (D:12)
  2 ugly things
  7 elephants
  A cyclops (D:12)
  An ice statue (IceCv)
  A smoke demon (Lair:5)
  5 black mambas
  A gargoyle (D:12)
  8 cane toads
  Maggie (D:9)
  An anaconda simulacrum (IceCv)
  2 komodo dragons (Lair:2)
  2 rime drakes (Lair:4)
  A tengu conjurer (D:12)
  3 trolls
  3 polar bears
  A merfolk (Lair:2)
  2 raiju (Lair:5)
  29 blink frogs
  2 shadows
  3 wyverns
  A wraith (D:11)
  2 ynoxinuls (Lair:5)
  2 basilisks
  25 yaks
  A warg (Orc:1)
  2 chaos spawn (Lair:5)
  3 vampire mosquitoes
  A death yak simulacrum (IceCv)
  7 small abominations
  A naga (Lair:2)
  An acid dragon (D:12)
  8 water moccasins
  2 ice beasts
  2 black bears
  3 orc warriors (Orc:1)
  4 wolves
  5 ogres
  12 centaurs
  A lemure (D:8)
  A phantom (D:7)
  5 nameless horrors
  3 kobold brigands
  8 bullfrogs
  A gnoll sergeant (D:12)
  A cane toad simulacrum (IceCv)
  4 two-headed ogre simulacra (IceCv)
  2 wights
  An elephant simulacrum (IceCv)
  2 killer bees (D:10)
  2 howler monkeys
  5 orc priests
  2 gnoll boudas
  A sleepcap (D:4)
  Natasha (D:2)
  4 orc wizards
  2 spriggan simulacra (IceCv)
  2 hell rats
  A troll simulacrum (IceCv)
  A polar bear simulacrum (IceCv)
  6 gnolls
  A naga simulacrum (IceCv)
  3 adders
  2 ufetubi (IceCv)
  13 orcs
  6 bats
  3 endoplasms
  3 giant cockroaches
  3 goblins (D:1)
  3 hobgoblins
  17 kobolds
  A quokka (D:2)
  5 ball pythons
  2 frilled lizards
  9 rats
303 creatures vanquished.

Vanquished Creatures (collateral kills)
  Nessos (D:12)
  Josephine (D:12)
  2 hydras
  4 two-headed ogres (Orc:1)
  Erica (D:9)
  Erolcha (D:12)
  A thrashing horror (Lair:5)
  A skyshark (Lair:4)
  A deep troll (Orc:1)
  2 ugly things
  2 orc knights
  2 oklob plants
  A large abomination (Lair:5)
  2 black mambas
  5 elephants
  An ice statue (Lair:4)
  5 cane toads
  2 gargoyles
  2 kobold demonologists
  4 unseen horrors
  An ice devil (Lair:4)
  2 komodo dragons
  2 merfolk (Lair:2)
  4 trolls
  A polar bear (Lair:4)
  6 blink frogs
  2 slime creatures (D:12)
  A basilisk (Lair:1)
  Grum (D:9)
  2 wyverns
  3 wraiths (D:12)
  28 yaks
  3 vampire mosquitoes
  A warg (Orc:1)
  A chaos spawn (Lair:5)
  A death yak simulacrum (IceCv)
  2 small abominations (Lair:5)
  2 hydra simulacra (IceCv)
  6 water moccasins
  2 nagas (Lair:2)
  An acid dragon (D:10)
  2 nameless horrors
  Duvessa (D:5)
  12 orc warriors
  A black bear (D:5)
  5 ogres (Orc:1)
  4 ice beasts
  5 wolves
  9 centaurs
  3 phantoms
  A lemure (D:7)
  5 kobold brigands
  4 bullfrogs
  2 two-headed ogre simulacra (IceCv)
  A cane toad simulacrum (IceCv)
  4 scorpions
  9 wights
  Dowan (D:5)
  A killer bee (D:10)
  A howler monkey (D:7)
  An electric eel (Lair:5)
  A bombardier beetle (D:5)
  6 orc priests
  A gnoll bouda (D:7)
  A jelly (D:5)
  A sleepcap (D:8)
  3 iguanas
  5 orc wizards
  Natasha (twice) (D:2)
  3 spriggan simulacra (IceCv)
  2 polar bear simulacra (IceCv)
  4 troll simulacra (IceCv)
  8 adders
  13 gnolls
  3 naga simulacra (IceCv)
  A shadow imp (D:6)
  12 white imps
  6 ufetubi
  A ribbon worm (D:4)
  3 dart slugs
  50 orcs
  4 ball pythons
  2 endoplasms
  2 giant cockroaches
  8 goblins
  3 hobgoblins
  4 jackals (D:1)
  A quokka (D:4)
  5 bats
  4 frilled lizards
  25 kobolds
  3 rats
372 creatures vanquished.

Vanquished Creatures (others)
  Psyche (D:8)
  A blink frog (Lair:4)
2 creatures vanquished.

Grand Total: 677 creatures vanquished

Notes
Turn   | Place    | Note
-------+----------+-------------------------------------------
     0 | D:1      | holysushi the Demonspawn Summoner began the quest for the
                  | Orb.
     0 | D:1      | Reached XP level 1. HP: 13/13 MP: 3/3
   204 | D:1      | Gained mutation: You have a somewhat thin skeletal
                  | structure. (Dex +2, Stealth+) [demonic ancestry]
   204 | D:1      | Reached XP level 2. HP: 11/19 MP: 0/5
   499 | D:1      | Learned a level 2 spell: Call Imp
   863 | D:1      | Gained mutation: You regenerate a little health from kills.
                  | [demonic ancestry]
   863 | D:1      | Reached XP level 3. HP: 20/24 MP: 0/6
  1501 | D:1      | Learned a level 3 spell: Call Canine Familiar
  1636 | D:2      | Gained mutation: A meltable shield of frost defends you.
                  | (SH +4) [demonic ancestry]
  1636 | D:2      | Reached XP level 4. HP: 25/31 MP: 5/8
  2213 | D:2      | Reached skill level 1 in Fighting
  2293 | D:2      | Noticed Natasha
  2324 | D:2      | Killed Natasha
  2451 | D:2      | Found an opulent altar of Gozag.
  2467 | D:2      | Became a worshipper of Gozag Ym Sagoz the Greedy
  2959 | D:3      | Reached XP level 5. HP: 37/37 MP: 4/9
  3595 | D:4      | Noticed a phantom
  3709 | D:3      | Killed a phantom
  3710 | D:3      | Reached skill level 5 in Summonings
  3802 | D:4      | Identified the +0 pair of gloves of the Skies Above {rN+
                  | Slay+2 Stlth+}
  3815 | D:4      | Found a glowing drain.
  3873 | D:4      | Reached XP level 6. HP: 44/44 MP: 3/10
  3886 | Sewer    | Entered a sewer
  4889 | D:4      | Noticed a yak
  4889 | D:4      | Noticed a yak
  4891 | D:4      | Noticed a yak
  4893 | D:4      | Noticed a yak
  4894 | D:4      | Noticed a yak
  4966 | D:4      | Noticed a yak
  4975 | D:3      | Killed a yak
  4976 | D:3      | Reached skill level 6 in Summonings
  5526 | D:3      | Killed a yak
  5527 | D:3      | Reached XP level 7. HP: 50/50 MP: 6/11
  6120 | D:3      | Killed a yak
  6121 | D:3      | Reached skill level 7 in Summonings
  6254 | D:3      | Killed a yak
  6343 | D:3      | HP: 1/50 [yak (8)]
  6594 | D:2      | Noticed Natasha
  6766 | D:1      | Killed a yak
  6767 | D:1      | Reached skill level 5 in Dodging
  6767 | D:1      | Reached skill level 8 in Summonings
  6767 | D:1      | Reached XP level 8. HP: 56/56 MP: 4/12
  6861 | D:2      | Killed Natasha
  7272 | D:2      | Noticed Natasha
  7280 | D:2      | Killed Natasha
  7480 | D:2      | Found an opulent altar of Gozag.
  8606 | D:5      | Entered Level 5 of the Dungeon
  8809 | D:5      | Noticed Duvessa
  8872 | D:5      | Reached skill level 9 in Summonings
  9225 | D:5      | Learned a level 4 spell: Summon Blazeheart Golem
  9291 | D:5      | Noticed Dowan
  9386 | D:5      | Killed Duvessa
  9479 | D:5      | Noticed Eustachio
  9521 | D:5      | Killed Dowan
  9946 | D:6      | Reached skill level 1 in Shields
 10045 | D:6      | Reached XP level 9. HP: 61/61 MP: 4/13
 10378 | D:6      | Reached skill level 10 in Summonings
 10985 | D:6      | Learned a level 4 spell: Summon Lightning Spire
 11374 | D:7      | Identified the +0 ring mail of Jigsaw {rCorr Dex+4}
 11757 | D:7      | Found a shadowy altar of Dithmenos.
 11780 | D:7      | Found a staircase to the Ecumenical Temple.
 11827 | Temple   | Entered the Ecumenical Temple
 11921 | D:7      | Reached skill level 1 in Evocations
 12192 | D:7      | Found Rog Matt's Antique Armour Shoppe.
 12200 | D:7      | Bought a glowing cloak for 165 gold pieces
 12933 | D:7      | Found Rog Matt's Antique Armour Shoppe.
 13329 | D:7      | Found a shadowy altar of Dithmenos.
 13340 | D:7      | Found Polekhub's Armour Emporium.
 13345 | D:7      | Found a staircase to the Ecumenical Temple.
 13707 | D:8      | Noticed Pikel
 13786 | D:8      | Noticed a two-headed ogre
 14007 | D:8      | Noticed Psyche
 14023 | D:8      | Killed Psyche
 14133 | D:7      | Reached skill level 11 in Summonings
 14438 | D:8      | Killed a two-headed ogre
 14439 | D:8      | Gained mutation: You have a small tail. [demonic ancestry]
 14439 | D:8      | Reached XP level 10. HP: 66/67 MP: 5/15
 14453 | D:8      | Killed Pikel
 15197 | D:8      | Found a staircase to the Lair.
 15339 | D:8      | Found a staircase to the Lair.
 15555 | D:9      | Noticed Grum
 15555 | D:9      | Found a flagged portal.
 15704 | D:9      | Killed Grum
 15705 | D:9      | Reached skill level 12 in Summonings
 15772 | Bailey   | Entered a bailey
 17306 | Bailey   | Acquired 808 gold pieces
 17391 | D:9      | Bought a scroll of blinking for 217 gold pieces
 17391 | D:9      | Bought a scroll of identify for 58 gold pieces
 17430 | D:9      | Bought a blackened granite ring for 145 gold pieces
 17489 | D:9      | Noticed a rust devil
 17939 | D:9      | Reached skill level 10 in Dodging
 17939 | D:9      | Gained mutation: You have a tail ending in a sharp stinger.
                  | [demonic ancestry]
 17939 | D:9      | Reached XP level 11. HP: 72/72 MP: 5/16
 18151 | D:9      | Noticed Harold
 18193 | D:9      | Noticed Maggie
 18204 | D:9      | Killed Harold
 18205 | D:9      | Reached skill level 13 in Summonings
 18205 | D:9      | Killed Maggie
 18889 | D:9      | Noticed Erica
 18917 | D:9      | Killed Erica
 19128 | D:10     | Entered Level 10 of the Dungeon
 19334 | D:10     | Acquired the amulet of Sloth {Acrobat Rampage rC+}
 19644 | D:10     | Noticed an orange crystal statue
 20347 | D:10     | Found a portal to a secret trove of treasure.
 20771 | D:10     | Identified the +5 chain mail "Aqiugi" {rElec Str+7}
 21124 | Lair:1   | Entered Level 1 of the Lair of Beasts
 21590 | D:8      | Reached skill level 1 in Polearms
 21613 | Lair:1   | Reached skill level 14 in Summonings
 22605 | Lair:2   | Found a frozen archway.
 22613 | IceCv    | Entered an ice cave
 23196 | IceCv    | Gained mutation: You have a sharp stinger which inflicts
                  | weakening toxins. [demonic ancestry]
 23196 | IceCv    | Reached XP level 12. HP: 63/78 MP: 6/17
 23859 | IceCv    | Noticed a reaper
 24255 | D:9      | Bought the +8 lance "Wyrmbane" {slay drac, rPois rF+ rC+
                  | AC+3} for 1212 gold pieces
 24255 | D:9      | Found the +8 lance "Wyrmbane" {slay drac, rPois rF+ rC+
                  | AC+3}
 24819 | Lair:2   | Found a staircase to the Snake Pit.
 25224 | Lair:2   | Reached skill level 5 in Polearms
 25572 | Lair:2   | Found a staircase to the Shoals.
 25590 | Lair:2   | HP: 2/78 [merfolk/+0 trident (12)]
 25594 | Lair:2   | Reached skill level 15 in Summonings
 26477 | Lair:2   | Found a staircase to the Snake Pit.
 26578 | Lair:2   | Found a staircase to the Shoals.
 26918 | D:9      | Bought a scroll of teleportation for 87 gold pieces
 26918 | D:9      | Bought a potion of heal wounds for 145 gold pieces
 27584 | Lair:3   | Learned a level 4 spell: Martyr's Knell
 28658 | Lair:4   | Noticed a four-headed hydra
 28692 | Lair:3   | Killed a four-headed hydra
 28693 | Lair:3   | Gained mutation: You have a moderately thin skeletal
                  | structure. (Dex +4, Stealth++) [demonic ancestry]
 28693 | Lair:3   | Reached XP level 13. HP: 81/83 MP: 3/19
 29614 | Lair:4   | Reached skill level 5 in Spellcasting
 30295 | Lair:4   | Found a staircase to the Slime Pits.
 30295 | Lair:4   | Found a viscous altar of Jiyva.
 31165 | Lair:5   | Entered Level 5 of the Lair of Beasts
 32368 | Lair:5   | Reached skill level 16 in Summonings
 33252 | Lair:4   | Bought the +1 robe "Vinuusm" {Fly rC- Will+ Dex+4} for 392
                  | gold pieces
 33308 | Lair:5   | Reached XP level 14. HP: 78/90 MP: 8/23
 33950 | Lair:5   | Reached skill level 5 in Shields
 34542 | Lair:5   | Found a corrupted altar of Lugonu.
 34542 | Lair:5   | Found a one-way gate to the infinite horrors of the Abyss.
 34967 | D:11     | Found Poesch's Antique Armour Shop.
 34975 | D:11     | Bought an encrusted leather armour for 203 gold pieces
 34975 | D:11     | Identified the +3 leather armour of Neod {Regen+ Dex+2}
                  | (You bought it in a shop on level 11 of the Dungeon)
 36066 | D:12     | Found a staircase to the Orcish Mines.
 36391 | D:12     | Noticed Sonja
 36463 | D:12     | Killed Sonja
 36911 | D:12     | Noticed Nessos
 36961 | D:12     | Killed Nessos
 37265 | D:12     | Noticed Josephine
 37273 | D:12     | Killed Josephine
 37278 | D:12     | Noticed Erolcha
 37296 | D:12     | Killed Erolcha
 37344 | D:12     | Found Yczaq's Weapon Boutique.
 37799 | Orc:1    | Entered Level 1 of the Orcish Mines
 37935 | Orc:1    | Found Noushur's Jewellery Shoppe.
 38514 | Orc:2    | Entered Level 2 of the Orcish Mines
 38519 | Orc:2    | Found Uluin's Weapon Shop.
 38519 | Orc:2    | Noticed a stone giant
 38973 | Orc:1    | Reached skill level 17 in Summonings
 39450 | Orc:2    | Paralysed by an ogre mage for 3 turns
 39452 | Orc:2    | Shot with a bolt by a kobold blastminer

Illustrated notes

Levels and vault maps discovered:
D:1:      lightli_arrival_statuegarden, layout_basic, minmay_pentomino_q4
D:2:      layout_loops_corners, basic_altar, minmay_increasing_density,
          uniq_natasha
D:3:      layout_rooms, minmay_circle_x
D:4:      layout_basic, gup_sewer_entry_glass
D:5:      cheibrodos_helix_gallery, layout_basic, uniq_eustachio, uniq_duvessa
D:6:      layout_gridville
D:7:      layout_cave_pods, grunt_dithmenos_smoke_and_mirrors,
          minmay_temple_entry_enclosed_plants, serial_shops, shop
D:8:      kennysheep_ambush_hall, layout_rooms, uniq_pikel, uniq_psyche
D:9:      layout_roguey, enter_bailey_5, uniq_harold, uniq_erica, uniq_grum,
          uniq_maggie
D:10:     layout_stronghold, mainiacjoe_overflow_alcove_2, enter_trove_3,
          minivault_15
D:11:     layout_cave_pods, serial_shops, nicolae_shop_trees, eino_curves_02
D:12:     minmay_ornate_pinched, layout_grid_maze, serial_shops,
          nicolae_shop_trees, uniq_nessos, uniq_sonja, uniq_josephine,
          uniq_erolcha
D:13:     layout_irregular_city
Temple:   mainiacjoe_temple_big_plus
Lair:1:   layout_regular_city
Lair:2:   layout_roguey, mainiacjoe_shoals_entry_four_pools,
          nicolae_snake_entry_squirm, gauntlet_entry_generic,
          portal_ice_cave_entry_pillars_2, minmay_lair_oklob_bushes
Lair:3:   layout_cave_pods, beast_lair_carwin_9
Lair:4:   layout_regular_city, slime_entry_1, ice2_lemuel
Lair:5:   hellmonk_lair_end_abyssal_woods, layout_cave_shapes,
          grunt_megastairs_3, serial_bayou_shore_a
Orc:1:    layout_caves, serial_shops, nicolae_shop_peninsula
Orc:2:    st_orc_open, layout_caves, serial_shops, shop, gammafunk_ghost_grave

Skill      XL: |  1  2  3  4  5  6  7  8  9 10 11 12 13 14 |
---------------+-------------------------------------------+-----
Dodging        | 2 3 4 5 6 8 10 11 12 13 14 | 14.4
Fighting       | 1 2 |  2.0
Spellcasting   | 3 4 6 |  6.4
Summonings     | 5 6 8 9 11 12 14 15 16 17 | 17.0
Shields        | 1 2 4 6 |  6.4
Evocations     | 2 |  2.0
Polearms       | 3 6 8 9 |  9.6
Stealth        | |  1.8

Action                     |  1- 3 |  4- 6 |  7- 9 | 10-12 | 13-15 || total
---------------------------+-------+-------+-------+-------+-------++-------
  Melee: Unarmed           |    11 |       |       |       |       ||    11
         Short sword       |    40 |       |       |       |       ||    40
         Spear             |    21 |   148 |   102 |    10 |       ||   281
         Halberd           |       |       |       |   276 |       ||   276
         Tailslap          |       |       |       |    96 |   206 ||   302
         Bardiche          |       |       |       |    15 |       ||    15
         Lance             |       |       |       |   283 |   918 ||  1201
   Cast: Summon Small Mamm |    35 |    46 |   119 |   126 |    32 ||   358
         Call Imp          |    10 |    35 |    63 |    68 |    21 ||   197
         Call Canine Famil |       |    14 |    66 |    74 |    31 ||   185
         Summon Lightning  |       |       |       |    87 |    85 ||   172
         Summon Blazeheart |       |       |       |     7 |     9 ||    16
         Martyr's Knell    |       |       |       |     5 |    65 ||    70
 Invoke: Call Merchant     |       |       |     1 |     2 |     1 ||     4
  Evoke: Wand              |       |       |     2 |    11 |     5 ||    18
    Use: Scroll            |       |     9 |     7 |    13 |     7 ||    36
         Potion            |       |       |       |    15 |     2 ||    17
   Stab: Distracted        |     1 |     2 |     3 |    17 |    31 ||    54
         Sleeping          |     6 |    10 |       |    11 |    15 ||    42
 Armour: Robe              |    69 |       |       |       |   193 ||   262
         Leather armour    |    30 |    74 |   127 |   414 |   163 ||   808
  Dodge: Dodged            |    94 |    68 |   142 |   946 |  1606 ||  2856
  Block: Other             |       |    28 |     7 |   138 |   200 ||   373
         Buckler           |       |       |    96 |     9 |       ||   105

Table legend: (Time is in decaauts)
 A = Elapsed time spent in this place.
 B = Non-inter-level travel time spent in this place.
 C = Inter-level travel time spent in this place.
 D = Time resting spent in this place.
 E = Time spent auto-exploring this place.
 F = Levels seen in this place.
 G = Mean time per level.
                   A        B        C        D        E       F      G
               +--------+--------+--------+--------+--------+-----+--------+
         Total |  39464 |  37990 |   1474 |   8099 |  17332 |  24 | 1644.3 |
       Dungeon |  22967 |  22057 |    910 |   3653 |  11363 |  13 | 1766.7 |
        Temple |     60 |     10 |     50 |      0 |      0 |   1 |   60.0 |
          Lair |  11661 |  11216 |    445 |   3030 |   4934 |   5 | 2332.2 |
  Orcish Mines |   1486 |   1418 |     68 |    461 |    512 |   2 |  743.0 |
         Sewer |    286 |    286 |      0 |     88 |      0 |   1 |  286.0 |
        Bailey |   1655 |   1655 |      0 |    361 |    523 |   1 | 1655.0 |
      Ice Cave |   1345 |   1345 |      0 |    506 |      0 |   1 | 1345.0 |
               +--------+--------+--------+--------+--------+-----+--------+

Top non-repeatable levels by time:
  Lair:4: 3285 daAuts
  Lair:2: 2624 daAuts
     D:7: 2615 daAuts
     D:2: 2381 daAuts
     D:3: 2374 daAuts
  Lair:5: 2201 daAuts
     D:9: 2146 daAuts
     D:8: 2004 daAuts
    D:10: 2003 daAuts
  Lair:3: 1982 daAuts
    D:12: 1954 daAuts
     D:1: 1831 daAuts
     D:4: 1827 daAuts
  Bailey: 1655 daAuts
     D:6: 1647 daAuts
